 Dungeon Crawl Stone Soup version 0.28.0-43-g3370ac3207 (webtiles) character file.

Game seed: 2115143926276421132

18 cbfl8 the Sneak (level 2, 0/27 HPs)
             Began as a Minotaur Delver on Mar 3, 2022.
             Succumbed to an adder's poison
             ... on level 3 of the Dungeon.
             The game lasted 00:00:57 (457 turns).

cbfl8 the Sneak (Minotaur Delver)                    Turns: 457, Time: 00:00:58

Health: 0/27       AC:  3    Str: 16    XL:     2   Next: 48%
Magic:  1/1        EV: 11    Int:  7    God:
Gold:   10         SH:  0    Dex: 11    Spells: 1/1 levels left

rFire   . . .      SeeInvis .   a - +0 hand axe
rCold   . . .      Faith    .   (no shield)
rNeg    . . .      Spirit   .   b - +0 leather armour
rPois   .          Reflect  .   (helmet restricted)
rElec   .          Harm     .   (no cloak)
rCorr   .          Rampage  .   (no gloves)
Will    .....                   (no boots)
Stlth   ++........              (no amulet)
HPRegen 0.09/turn               (no ring)
MPRegen 0.07/turn               (no ring)

@: lethally poisoned (0 -> -16)
A: horns 2, retaliatory headbutt
a: no special abilities


You were on level 3 of the Dungeon.
You visited 1 branch of the dungeon, and saw 3 of its levels.

You collected 10 gold pieces.

Inventory:

Hand Weapons
 a - a +0 hand axe (weapon)
Armour
 b - a +0 leather armour (worn)
Wands
 g - a wand of digging (3)
Scrolls
 c - a scroll of fog
 e - a scroll of fear
Potions
 f - a potion of haste


   Skills:
 + Level 3.8 Fighting
 + Level 2.5 Axes
 + Level 0.2 Armour
 + Level 2.2 Dodging
 + Level 4.5 Stealth


You had one spell level left.
You didn't know any spells.
Your spell library was empty.

Dungeon Overview and Level Annotations

Branches:
Dungeon (5/15)
 Temple: D:4-7

Altars:


Innate Abilities, Weirdness & Mutations

You have a pair of horns on your head.
You reflexively headbutt those who attack you in melee.


Message History

Found a scroll labelled ZEZOTIRGHUTE and a potion of haste.
The ogre shouts!
You hear a shout!
You hit the adder but do no damage. Your headbutt misses the adder.
The adder barely misses you. The adder closely misses you.
The adder closely misses you. You furiously retaliate!
You headbutt the adder. The adder closely misses you.
The adder bites you but does no damage.
There is a stone staircase leading up here.
The adder bites you.
You are poisoned.
The adder poisons you!
You climb upwards.
You hear the sound of rushing water.
There is an entrance to a sewer on this level.
Hurry and find it before the portal rusts away!
You feel sick.
There is a stone staircase leading down here.
You miss the adder.
The adder is lightly wounded.
You feel sick. The adder bites you.
You miss the adder.
The adder is lightly wounded.
You feel sick. The adder barely misses you. The adder bites you.
You are more poisoned.
The adder poisons you!
You hit the adder.
The adder is heavily wounded.
You feel sick. The adder bites you.
You hit the adder but do no damage.
The adder is heavily wounded.
* * * LOW HITPOINT WARNING * * *
You feel sick. The adder bites you.
* * * LOW HITPOINT WARNING * * *
You are more poisoned.
The adder poisons you! The adder bites you.
* * * LOW HITPOINT WARNING * * *
You are more poisoned.
The adder poisons you!
You miss the adder. You headbutt the adder.
You kill the adder!
You die...

...... . .....
..#.... ##.....
S......##
#.#.#...#
........######
#.#.#..@.....#
........###....
#.#.#..## #
....... #.#.#.#
...... ######


You could see a ball python (asleep).

Vanquished Creatures
  An adder (D:3)
  A white imp (D:5)
  An adder skeleton (D:4)
  A giant cockroach (D:4)
  3 jackals (D:4)
  A quokka (D:5)
  A ball python (D:4)
9 creatures vanquished.

Notes
Turn   | Place    | Note
-------+----------+-------------------------------------------
     0 | D:5      | cbfl8 the Minotaur Delver began the quest for the Orb.
     0 | D:5      | Reached XP level 1. HP: 19/19 MP: 0/0
   222 | D:5      | Reached XP level 2. HP: 24/27 MP: 1/1
   443 | D:4      | Noticed an ogre
   457 | D:3      | Succumbed to an adder's poison

Illustrated notes

Levels and vault maps discovered:
D:3:      layout_basic, mainiacjoe_overflow_alcove_1, gammafunk_ghost_arena,
          cheibrodos_sewer_entry_sluice, serial_co_window_serial,
          co_window_of_opportunity_a, co_window_corner_a, co_window_corner_a,
          co_window_corner_a, co_window_paths_a, co_window_paths_a,
          co_window_paths_b, co_window_corner_ca, co_window_of_opportunity_b,
          co_window_broadway_c, co_window_corner_cb, co_window_paths_e,
          glass_columns_a, glass_columns_a, glass_columns_c, glass_columns_c,
          glass_columns_a, hex_tiny, uniq_ijyb, uniq_robin
D:4:      layout_basic, serial_shops, shop
D:5:      layout_cave_pools, ebering_ghost_sewer_f, hangedman_decor_growths,
          uniq_pikel

Action                   || total
-------------------------++-------
Melee: Hand axe          ||    28
       Headbutt          ||     3
       Punch             ||     1
  Use: Scroll            ||     1
Armor: Leather armour    ||    10
Dodge: Dodged            ||    27
